 Dungeon Crawl Stone Soup version 0.26.1-16-g4e020e15dc (webtiles) character file.

Game seed: 10954716020240887513

67380 Cheivey the Peltast (level 14, -3/135 HPs)
             Began as a Deep Dwarf Fighter on Mar 23, 2024.
             Was the Champion of Okawaru.
             Slain by an orc knight
             ... wielding a +0 glaive
              (8 damage)
             ... on level 2 of the Orcish Mines.
             The game lasted 00:34:48 (15138 turns).

Cheivey the Peltast (Deep Dwarf Fighter)           Turns: 15138, Time: 00:34:48

Health: -3/135     AC: 15    Str: 28    XL:     14   Next: 82%
Magic:  12/12      EV:  4    Int: 12    God:    Okawaru [******]
Gold:   1879       SH: 22    Dex: 12    Spells: 13/13 levels left

rFire    . . .     SeeInvis .   w - +5 war axe (vamp)
rCold    x . .     Faith    .   q - +1 tower shield
rNeg     + . .     Spirit   .   h - +2 crystal plate armour
rPois    +         Reflect  .   P - +0 hat "Lupsauve" {rPois rC- Str+3 Int+3}
rElec    .         Harm     .   B - +0 cloak
rCorr    .         Rampage  .   (no gloves)
Will     ++...                  Y - +2 pair of boots
Stlth    ..........             (no amulet)
HPRegen  0.00/turn              m - +4 ring of slaying
MPRegen  0.13/turn              g - +4 ring of protection

@: about to teleport, corroded, non-regenerating
A: damage resistance, heal wounds, negative energy resistance 1, sense
surroundings 2, no regeneration
a: Heal Wounds, Renounce Religion, Heroism, Finesse


You were on level 2 of the Orcish Mines.
You worshipped Okawaru.
Okawaru was exalted by your worship.
You visited 4 branches of the dungeon, and saw 19 of its levels.
You also visited: Volcano.

You collected 1879 gold pieces.

Inventory:

Hand Weapons
 w - a +5 vampiric war axe (weapon)
 y - a +4 morningstar
 K - a +1 broad axe of distortion
 Z - a +1 antimagic broad axe
Missiles
 b - 16 boomerangs
 e - 45 poisoned darts
Armour
 h - a +2 crystal plate armour (worn)
 q - a +1 tower shield (worn)
 B - a +0 cloak (worn)
 P - the +0 hat "Lupsauve" (worn) {rPois rC- Str+3 Int+3}
   (Okawaru gifted it to you on level 5 of the Lair of Beasts)

   It affects your strength (+3).
   It affects your intelligence (+3).
   It makes you vulnerable to cold.
   It protects you from poison.
 Y - a +2 pair of boots (worn)
Jewellery
 g - a +4 ring of protection (right hand)
 k - an uncursed ring of poison resistance
 m - a +4 ring of slaying (left hand)
 x - an uncursed ring of ice
 E - an uncursed ring of see invisible
 H - an uncursed ring of flight
 I - an uncursed ring of fire
 M - a cursed ring of attention {unknown}
 Q - a cursed ring of attention {unknown}
Wands
 a - a wand of polymorph (13)
 c - a wand of paralysis (19)
 f - a wand of random effects (5)
 C - a wand of acid (31)
 F - a wand of iceblast (15)
 J - a wand of enslavement (19)
Scrolls
 i - 6 scrolls of amnesia
 j - 5 scrolls of fog
 o - a scroll of teleportation
 r - a scroll of magic mapping
 s - 4 scrolls of immolation
 t - 2 scrolls of remove curse
 u - 4 scrolls of blinking
 S - a scroll of identify
 V - 2 scrolls of vulnerability
Potions
 d - a potion of brilliance
 l - 5 potions of magic
 n - 4 potions of flight
 p - a potion of mutation
 v - 2 potions of attraction
 A - 3 potions of might
 L - a potion of cancellation
 O - 3 potions of curing
 R - a potion of berserk rage
 T - a potion of resistance
 U - a potion of lignification
 X - a potion of haste
Miscellaneous
 N - a box of beasts (inert)
 W - a phial of floods


   Skills:
 - Level 11.1 Fighting
 - Level 12.7 Axes
 + Level 15.5 Armour
 + Level 15.5 Shields
 - Level 6.9 Evocations


You had 13 spell levels left.
You didn't know any spells.
Your spell library contained the following spells:

 Spells                   Type           Power        Failure   Level
 Animate Skeleton         Necr           0%           100%        1
 Magic Dart               Conj           0%           100%        1
 Pain                     Necr           0%           100%        1
 Sting                    Tmut/Pois      0%           100%        1
 Poisonous Vapours        Pois/Air       0%           100%        2
 Searing Ray              Conj           0%           100%        2
 Dazzling Flash           Conj/Hex       0%           100%        3
 Ignite Poison            Fire/Tmut/Pois 0%           100%        3
 Mephitic Cloud           Conj/Pois/Air  0%           100%        3
 Vampiric Draining        Necr           0%           100%        3
 Animate Dead             Necr           0%           100%        4
 Fulminant Prism          Conj/Hex       0%           100%        4
 Iskenderun's Mystic Bla  Conj/Tloc      0%           100%        4
 Olgreb's Toxic Radiance  Pois           0%           100%        4
 Agony                    Necr           0%           100%        5


Dungeon Overview and Level Annotations

Branches:
Dungeon (10/15)            Temple (1/1) D:4            Lair (6/6) D:9
 Shoals (0/4) Lair:4        Snake (0/4) Lair:2        Slime (0/5) Lair:5
    Orc (2/2) D:10            Elf (0/3) Orc:2       Volcano (visited)

Altars:
Ashenzari
Cheibriados
Dithmenos
Elyvilon
Fedhas
Gozag
Hepliaklqana
Kikubaaqudgha
Makhleb
Nemelex Xobeh
Okawaru
Qazlal
Ru
Sif Muna
Trog
Uskayaw
Vehumet
Wu Jian
Xom
Yredelemnul
Zin
The Shining One
Jiyva

Annotations:
D:5 1 runed translucent door, Crazy Yiuf
D:9 2 transporters, phiIosophr's ghost, journeyman HuWn
Orc:2 Azrael


Innate Abilities, Weirdness & Mutations

You are resistant to damage.
You can heal yourself by infusing magical energy.
You resist negative energy. (rN+)
You passively map the area around you.
You do not regenerate.


Message History

You closely miss the hellwing. You miss the sixfirhy.
You completely miss the hellwing. You block the hellwing's attack. x2
The orc knight hits you from afar with a +0 glaive!
* * * LOW HITPOINT WARNING * * *
You block the hellwing's attack.
The hellwing hits you but does no damage.
The orc high priest calls down the wrath of Beogh upon you.
Beogh smites you!
* * * LOW HITPOINT WARNING * * *
You are too injured to fight recklessly!
Your shield prevents you from hitting the orc high priest.
The orc high priest is almost dead.
You hit the hellwing but do no damage. You hit the sixfirhy but do no damage.
You hit the hellwing but do no damage. You block the hellwing's attack. x2
The hellwing hits you.
* * * LOW HITPOINT WARNING * * *
The hellwing hits you but does no damage.
You block the orc high priest's attack.
The orc knight hits you from afar with a +0 glaive!
You die...

############....)###########*,,
#.........# *,, #.........# *,,
******* #.........# ********,,
*,,,,,* #.........# *,,,,,**,,
*,,,,,###.........###.,,,,**,*
*,,,,,.................,,,****
*,,,,,.......).........,,,*
****,,......o@4........#***
*,,###...43....###..# ## *,,*
#....o....# *..# ##. # *,,*
#...).....# *,.# #.. ## *,,*
#....⌠....# *,,* ##. .## *,,*
#.........# *,,* #.. ..# *,,*
#.........# *,,* #.. ..#
*,,**#.........#**,,* #.. ..#
**,,,,,,,,,,,,,,,,,,,** #.#


You could see an orc knight, an orc high priest (strong), 2 hellwings and a
sixfirhy (summoned).

Vanquished Creatures
  Snorg (D:10)
  Harold (D:7)
  Josephine (Orc:2)
  4 hydras
  A two-headed ogre (D:10)
  2 catoblepae
  A deep troll shaman (Lair:6)
  10 death yaks (Lair:6)
  An orc high priest (Orc:2)
  A hell knight (Volcano)
  An unseen horror (D:10)
  A lindwurm (Lair:6)
  Pikel (D:7)
  3 orc knights (Orc:2)
  3 ugly things (Volcano)
  A deep elf mage (D:10)
  3 orc sorcerers (Orc:2)
  A manticore (Lair:4)
  A cyclops (D:10)
  4 black mambas
  21 elephants
  13 cane toads
  11 komodo dragons
  2 rime drakes (Lair:3)
  A red devil (Volcano)
  A troll (D:9)
  A wind drake (Lair:4)
  3 polar bears
  9 dream sheep (Lair:5)
  4 hornets
  16 blink frogs
  A shadow (D:10)
  55 yaks
  10 spriggans (Lair:5)
  2 wyverns
  4 wraiths (Orc:2)
  A basilisk (Lair:2)
  2 fire elementals (Orc:2)
  3 fire bats (Lair:3)
  2 nagas (Lair:2)
  10 water moccasins
  2 hell hounds (Orc:2)
  A sky beast (D:10)
  Duvessa (D:6)
  22 orc warriors
  A black bear (Lair:6)
  A phantom (D:4)
  3 boggarts (Lair:5)
  2 ice beasts
  22 wolves
  5 ogres
  4 centaurs
  A lemure (D:7)
  A big kobold (D:8)
  19 bullfrogs
  Dowan (D:6)
  A wyvern skeleton (D:10)
  5 scorpions
  4 killer bees (D:8)
  11 wights
  6 electric eels
  6 hounds
  23 orc wizards
  A jelly (D:8)
  A centaur skeleton (D:8)
  9 orc priests
  2 bullfrog skeletons
  A gnoll shaman (D:6)
  Ijyb (D:5)
  2 iguanas
  8 worker ants
  A worker ant zombie (D:6)
  Robin (D:4)
  13 adders
  10 gnolls
  A howler monkey skeleton (D:7)
  3 shadow imps
  4 white imps
  2 ufetubi
  An adder skeleton (D:8)
  3 worms
  9 leopard geckos
  63 orcs
  4 bats
  2 giant cockroaches
  21 goblins
  13 hobgoblins
  4 jackals (D:2)
  2 quokkas
  2 ball pythons
  2 frilled lizards
  A giant cockroach zombie (D:6)
  16 kobolds
  A quokka skeleton (D:7)
  7 rats
567 creatures vanquished.

Vanquished Creatures (collateral kills)
  Urug (Orc:2)
  2 spriggans (Lair:5)
  6 wolves (Lair:3)
9 creatures vanquished.

Vanquished Creatures (others)
  An orc high priest (Orc:2)
  2 orc priests (Orc:2)
  13 fungi
  28 plants
44 creatures vanquished.

Grand Total: 620 creatures vanquished

Notes
Turn   | Place    | Note
-------+----------+-------------------------------------------
     0 | D:1      | Cheivey the Deep Dwarf Fighter began the quest for the Orb.
     0 | D:1      | Reached XP level 1. HP: 20/20 MP: 1/1
   129 | D:1      | Reached XP level 2. HP: 25/27 MP: 2/2
   702 | D:2      | Reached XP level 3. HP: 31/34 MP: 3/3
   755 | D:2      | Found a sacrificial altar of Ru.
   755 | D:2      | Found a snail-covered altar of Cheibriados.
   758 | D:2      | Found a glowing golden altar of the Shining One.
   900 | D:2      | Found a hazy altar of Hepliaklqana.
  1370 | D:2      | Reached XP level 4. HP: 23/42 MP: 4/4
  1777 | D:3      | Reached XP level 5. HP: 44/49 MP: 5/5
  1892 | D:3      | Found a radiant altar of Vehumet.
  1892 | D:3      | Found a sparkling altar of Nemelex Xobeh.
  2547 | D:4      | Reached XP level 6. HP: 44/57 MP: 6/6
  2555 | D:4      | Found a staircase to the Ecumenical Temple.
  2593 | Temple   | Entered the Ecumenical Temple
  2691 | D:4      | Found a shimmering blue altar of Sif Muna.
  2891 | D:4      | Noticed Robin
  2898 | D:4      | Reached skill level 5 in Shields
  2900 | D:4      | Reached skill level 5 in Armour
  2903 | D:4      | Killed Robin
  2983 | D:4      | Reached XP level 7. HP: 28/66 MP: 7/7
  3169 | D:5      | Entered Level 5 of the Dungeon
  3276 | D:5      | Noticed Ijyb
  3288 | D:5      | Killed Ijyb
  3289 | D:5      | Reached skill level 5 in Axes
  3389 | D:5      | Reached XP level 8. HP: 53/78 MP: 8/8
  3581 | D:5      | Found an iron altar of Okawaru.
  3599 | D:5      | Became a worshipper of Warmaster Okawaru
  3913 | D:5      | Found a runed translucent door.
  3914 | D:5      | Noticed Crazy Yiuf
  3976 | D:6      | Found a shadowy altar of Dithmenos.
  4181 | D:6      | Found an iron altar of Okawaru.
  4211 | D:6      | Noticed Dowan
  4213 | D:6      | Noticed Duvessa
  4222 | D:6      | Killed Duvessa
  4235 | D:6      | Killed Dowan
  4255 | D:6      | Gained mutation: You passively map the area around you.
                  | [Deep Dwarf growth]
  4255 | D:6      | Reached XP level 9. HP: 86/86 MP: 9/9
  4284 | D:6      | Found a stormy altar of Qazlal.
  4455 | D:7      | Reached * piety under Okawaru
  4546 | D:7      | Noticed Pikel
  4561 | D:7      | Killed Pikel
  4561 | D:7      | Reached ** piety under Okawaru
  4568 | D:7      | Found a white marble altar of Elyvilon.
  4999 | D:7      | Found a basalt altar of Yredelemnul.
  5089 | D:7      | Reached XP level 10. HP: 96/96 MP: 10/10
  5289 | D:7      | Reached *** piety under Okawaru
  5597 | D:7      | Noticed Harold
  5624 | D:7      | Killed Harold
  5656 | D:7      | Found a shimmering altar of Xom.
  6478 | D:8      | Reached **** piety under Okawaru
  6763 | D:9      | Noticed a two-headed ogre
  6763 | D:9      | Noticed phiIosophr's ghost (journeyman HuWn)
  6765 | D:9      | Found a bloodstained altar of Trog.
  6765 | D:9      | Noticed a cyclops
  6778 | D:9      | Noticed a moth of wrath
  6783 | D:9      | Found a transporter.
  6785 | D:9      | Found a transporter.
  6841 | D:9      | Found a staircase to the Lair.
  6941 | D:9      | Found a glowing golden altar of the Shining One.
  7181 | D:9      | Found a hide-covered altar of Uskayaw.
  7370 | D:10     | Entered Level 10 of the Dungeon
  7373 | D:10     | Noticed Snorg
  7394 | D:10     | Killed Snorg
  7454 | D:10     | Reached ***** piety under Okawaru
  7455 | D:10     | Reached skill level 10 in Armour
  7455 | D:10     | Reached skill level 10 in Shields
  7560 | D:10     | Found a staircase to the Orcish Mines.
  7599 | D:10     | Received a gift from Okawaru
  7600 | D:10     | Reached XP level 11. HP: 94/104 MP: 11/11
  7889 | D:10     | Noticed a two-headed ogre
  7891 | D:10     | Noticed a deep elf mage
  7897 | D:10     | Killed a two-headed ogre
  7898 | D:10     | Reached skill level 10 in Axes
  7901 | D:10     | Killed a deep elf mage
  7954 | D:10     | Killed an unseen horror
  8320 | Lair:1   | Entered Level 1 of the Lair of Beasts
  8371 | Lair:1   | Received a gift from Okawaru
  8717 | Lair:1   | Noticed a six-headed hydra
  8727 | Lair:1   | Killed a six-headed hydra
  8947 | Lair:1   | Found the +7 Kryia's mail coat {PotionHeal*2 rC+}
  9210 | Lair:2   | Found a staircase to the Snake Pit.
  9263 | Lair:2   | Received a gift from Okawaru
  9266 | Lair:2   | Reached XP level 12. HP: 80/115 MP: 11/11
  9409 | Lair:2   | Found a stormy altar of Qazlal.
  9852 | Lair:3   | Noticed a six-headed hydra
  9868 | Lair:3   | Killed a six-headed hydra
  9904 | Lair:3   | Reached ****** piety under Okawaru
  9905 | Lair:3   | Reached skill level 10 in Fighting
  9919 | Lair:3   | Received a gift from Okawaru
  9983 | Lair:3   | Found a dark tunnel.
  9992 | Volcano  | Entered a volcano
 10028 | Volcano  | Received a gift from Okawaru
 10160 | Lair:3   | Found a broken altar of Ashenzari.
 10475 | Lair:3   | Noticed an eight-headed hydra
 10486 | Lair:3   | Killed an eight-headed hydra
 10860 | Lair:4   | Found a staircase to the Shoals.
 10889 | Lair:4   | Received a gift from Okawaru
 11097 | Lair:4   | Reached XP level 13. HP: 122/124 MP: 12/12
 11845 | Lair:5   | Received a gift from Okawaru
 11967 | Lair:5   | Found a staircase to the Slime Pits.
 11967 | Lair:5   | Found a viscous altar of Jiyva.
 12567 | Lair:5   | Received a gift from Okawaru
 12620 | Lair:5   | Got a pitted hat {god gift}
 12631 | Lair:5   | Identified the +0 hat "Lupsauve" {rPois rC- Str+3 Int+3}
                  | (Okawaru gifted it to you on level 5 of the Lair of Beasts)
 12890 | Lair:6   | Entered Level 6 of the Lair of Beasts
 12915 | Lair:6   | Gained mutation: You resist negative energy. (rN+) [Deep
                  | Dwarf growth]
 12915 | Lair:6   | Reached XP level 14. HP: 135/135 MP: 13/13
 13646 | Lair:6   | Reached skill level 15 in Shields
 13797 | Lair:6   | Reached skill level 15 in Armour
 14028 | Orc:1    | Entered Level 1 of the Orcish Mines
 14198 | Orc:2    | Entered Level 2 of the Orcish Mines
 14269 | Orc:2    | Noticed Josephine
 14284 | Orc:2    | Killed Josephine
 14284 | Orc:2    | Received a gift from Okawaru
 14344 | Orc:2    | Noticed Urug
 14359 | Orc:2    | Killed Urug
 14549 | Orc:2    | Found a staircase to the Elven Halls.
 14634 | Orc:2    | Noticed an orc warlord
 15088 | Orc:2    | Noticed Azrael
 15138 | Orc:2    | HP: 5/135 [hellwing[an orc high priest] (4)]
 15138 | Orc:2    | Slain by an orc knight

Illustrated notes

Levels and vault maps discovered:
D:1:      wheals_arrival_linesprint, layout_rooms
D:2:      layout_basic, chequers_temple_overflow_statue_of_worship,
          nzn_hepliaklqana_mist_gate
D:3:      layout_loops_ring, gammafunk_temple_overflow_elements
D:4:      layout_basic, lemuel_round_altar, minmay_temple_entry_ruins,
          uniq_robin
D:5:      layout_basic, minmay_misc_feat_diagonals, okawaru_altar_gauntlet_db,
          uniq_ijyb, uniq_crazy_yiuf_cottage
D:6:      layout_basic, nicolae_qazlal_general_emergency,
          nicolae_overflow_crystal_walls, nicolae_dithmenos_the_darkroom,
          uniq_duvessa
D:7:      layout_basic, kennysheep_ying_yang, marbit_many_paths, uniq_harold,
          uniq_pikel
D:8:      layout_loops_corners, serial_glass, glass_columns_c, glass_columns_c
D:9:      layout_rooms, lemuel_coloured_pillars_altar, erik_lair_island,
          gammafunk_ghost_wrathful_warriors, tso_metal_star
D:10:     layout_basic, orc_0_dummy, minmay_microvault, uniq_snorg
Temple:   jpeg_temple_island
Lair:1:   layout_regular_city
Lair:2:   layout_long_grid, minmay_snake_entry_guardpost_small, basic_altar
Lair:3:   layout_regular_city, basic_altar, nicolae_volcano_entry_batcave,
          infiniplex_staircase_pool_2
Lair:4:   layout_roguey, minmay_shoals_entry_beasts, serial_bayou_pond_d,
          lemuel_fruit_tree, infiniplex_staircase_pool
Lair:5:   kb_forest_paths, layout_cave_shapes, slime_altar_1,
          minmay_shattered_shrine
Lair:6:   grunt_lair_end_beastmaster, layout_long_grid, serial_bayou_lake_a
Orc:1:    cheibrodos_orc_bank, layout_diamond_mine, serial_shops,
          nicolae_shop_behind_doors, bloody_trog
Orc:2:    st_orc_congregation, layout_caves, uniq_josephine, uniq_urug,
          uniq_azrael

Skill      XL: |  1  2  3  4  5  6  7  8  9 10 11 12 13 14 |
---------------+-------------------------------------------+-----
Fighting       | 3 4 6 7 8 9 10 11 | 11.1
Axes           | 3 4 7 8 9 10 12 | 12.7
Armour         | 4 5 8 9 10 11 12 13 15 | 15.5
Shields        | 4 5 8 9 10 11 12 13 15 | 15.5
Evocations     | 6 |  6.9

Action                   |  1- 3 |  4- 6 |  7- 9 | 10-12 | 13-15 || total
-------------------------+-------+-------+-------+-------+-------++-------
Melee: War axe           |   139 |   191 |   242 |   692 |   761 ||  2025
       Morningstar       |       |       |       |    24 |       ||    24
Invok: Heroism           |       |       |       |     1 |     1 ||     2
 Abil: Heal Wounds       |       |     1 |       |     5 |     3 ||     9
Evoke: Wand              |       |       |       |     5 |     6 ||    11
       Box of beasts     |       |       |       |     1 |     3 ||     4
  Use: Potion            |       |     9 |     3 |     6 |       ||    18
       Scroll            |       |     6 |    12 |    16 |    13 ||    47
 Stab: Invisible         |       |       |       |     1 |       ||     1
       Paralysed         |       |       |       |       |     1 ||     1
       Petrified         |       |       |       |       |     1 ||     1
Armor: Scale mail        |    68 |   104 |    81 |   152 |       ||   405
       Plate armour      |       |       |       |   109 |       ||   109
       Crystal plate arm |       |       |       |    29 |   462 ||   491
Dodge: Dodged            |    53 |    47 |    51 |   123 |    86 ||   360
Block: Kite shield       |    66 |       |       |       |       ||    66
       Tower shield      |    38 |   196 |   231 |   687 |   839 ||  1991
